AoeStats
← fran.federico8

Arabian Desert

510028430Analyzed
1v1 RM · 5d ago on Sep 29, 2026· 47m 45s· 2 players
Game mode
Random Map
Map size
Tiny (2 player)
Population
200
Speed
Normal
Resources
Standard
Victory
Conquest
Starting age
Dark Age
Ending age
Imperial Age
RankedLock teamsTeams togetherTeam positionsShared explorationLock speedFull tech treeHidden civsTurbo modeCheats
Victory
Defeat
🇺🇸 Varangians · United States
1224
+18
🇦🇷 Franks · Argentina
1261
-18
fran.federico8
8:00 Loom
10:01 Feudal Age
14:53 Double-Bit Axe
22:42 Castle Age
22:05 Scale Barding Armor
22:11 Forging
24:39 Chain Barding Armor
28:19 Husbandry
29:03 Iron Casting
30:16 Gold Mining
34:12 Bow Saw
38:01 Gold Shaft Mining
38:31 Wheelbarrow
39:37 Stone Mining
43:17 Imperial Age
42:52 Fletching
43:22 Cavalier
44:38 Plate Barding Armor
47:18 Blast Furnace
47:16 Pikeman
sbeve Jerkel
6:46 Loom
9:13 Feudal Age
10:38 Double-Bit Axe
11:05 Horse Collar
14:11 Bloodlines
16:52 Forging
19:11 Wheelbarrow
22:34 Castle Age
21:51 Scale Barding Armor
22:35 Light Cavalry
23:20 Husbandry
23:54 Chain Barding Armor
26:20 Gold Mining
28:55 Heavy Plow
30:44 Iron Casting
30:55 Fletching
31:05 Padded Archer Armor
39:16 Imperial Age
37:15 Hand Cart
37:36 Town Watch
40:40 Conscription
41:03 Bow Saw
42:10 Blast Furnace
41:10 Vendel Legacy
41:59 Elite Jarl
46:21 Plate Barding Armor
Connection lost

Rejoining the realm…

Still unreachable

The connection could not be restored.

Session expired

The server has moved on; the page needs a fresh start.